 Dungeon Crawl Stone Soup version 0.24.0-2-g5b39cebb1c (webtiles) character file.

Game seed: 14795947367876894166, levelgen mode: deterministic

7 Esekla the Vexing (level 2, 0/20 HPs)
             Began as a Formicid Enchanter on Oct 30, 2019.
             Slain by a leopard gecko (3 damage)
             ... on level 1 of the Dungeon.
             The game lasted 00:01:34 (226 turns).

Esekla the Vexing (Formicid Enchanter)               Turns: 226, Time: 00:01:35

Health: 0/20       AC:  2    Str: 12    XL:     2   Next: 5%
Magic:  4/5        EV: 12    Int: 14    God:
Gold:   8          SH:  0    Dex: 11    Spells: 4/5 levels left

rFire    . . .     SeeInvis +   a - +1 dagger
rCold    . . .     Gourm    .   (no shield)
rNeg     . . .     Faith    .   b - +0 robe
rPois    .         Spirit   .   (helmet unavailable)
rElec    .         Reflect  .   (no cloak)
rCorr    .         Harm     .   (no gloves)
MR       .....                  (no boots)
Stlth    ++........             (no amulet)
HPRegen  0.06/turn              (no ring)
MPRegen  0.09/turn              (no ring)

@: no status effects
A: permanent stasis, dig shafts and tunnels, four strong arms, antennae 3
a: Dig, Shaft Self


You were on level 1 of the Dungeon.
You were not hungry.

You visited 1 branch of the dungeon, and saw 1 of its levels.

You collected 8 gold pieces.

Inventory:

Hand Weapons
 a - a +1 dagger (weapon)
 e - a +0 spear
Armour
 b - a +0 robe (worn)
Scrolls
 c - a scroll of enchant armour {unknown}
 f - a scroll of random uselessness {unknown}
Comestibles
 d - a ration


   Skills:
 * Level 0.9 Fighting
 + Level 1.0 Short Blades
 + Level 1.9 Dodging
 - Level 3.6 Stealth
 + Level 2.4 Spellcasting
 - Level 3.6 Hexes


You had 4 spell levels left.
You knew the following spells:

 Your Spells              Type           Power        Failure   Level  Hunger
a - Corona                Hex            ##.....      5%          1    #......

Your spell library contained the following spells:

 Spells                   Type           Power        Failure   Level  Hunger
 Confuse                  Hex            ##......     16%         3    ###....
 Tukima's Dance           Hex            ##......     16%         3    ###....
 Ensorcelled Hibernation  Hex/Ice        #.....       17%         2    ###....
 Dazzling Spray           Conj/Hex       #.....       32%         3    ###....


Dungeon Overview and Level Annotations

Branches:
Dungeon (1/15)

Altars:


Innate Abilities, Weirdness & Mutations

You cannot be hasted, slowed, berserked, paralysed or teleported.
You can dig through walls and to a lower floor.
Your four strong arms can wield two-handed weapons with a shield.
You have a pair of large antennae on your head. (SInv)


Message History

The leopard gecko bites you.
You hit the leopard gecko.
The leopard gecko is lightly wounded.
The leopard gecko bites you. The rat barely misses you.
The leopard gecko bites you.
* * * LOW HITPOINT WARNING * * *
You hit the rat but do no damage. The leopard gecko barely misses you.
The rat bites you.
* * * LOW HITPOINT WARNING * * *
You barely miss the leopard gecko.
The leopard gecko is lightly wounded.
The leopard gecko barely misses you. The rat bites you.
* * * LOW HITPOINT WARNING * * *
You hit the leopard gecko but do no damage.
The leopard gecko is lightly wounded.
The leopard gecko closely misses you.
You hit the leopard gecko.
The leopard gecko is moderately wounded.
The rat barely misses you. The leopard gecko bites you.
You die...

... #.....## ......
....#......## ......
..#.......## ......
#.........#######......
#.........†............
#..†..................
#.................#
#....##lr..........#
#....##@........†..#####
#r...##.................
......##.................
........#.................
.........#######...........
...#?.... #...........
#........... #...........
#...........


You could see a leopard gecko and a rat.

Vanquished Creatures
  A leopard gecko (D:1)
  2 hobgoblins (D:1)
  A bat (D:1)
  2 rats (D:1)
6 creatures vanquished.

Notes
Turn   | Place    | Note
-------+----------+-------------------------------------------
     0 | D:1      | Esekla the Formicid Enchanter began the quest for the Orb.
     0 | D:1      | Reached XP level 1. HP: 13/13 MP: 3/3
   219 | D:1      | Reached XP level 2. HP: 16/20 MP: 3/5
   226 | D:1      | Slain by a leopard gecko

Levels and vault maps discovered:
D:1:      dpeg_arrival_tiny_d, layout_basic, chequers_avenue,
          nicolae_ashenzari_panopticon

Action                   || total
-------------------------++-------
Melee: Dagger            ||    30
 Cast: Corona            ||     2
Armor: Robe              ||     4
Dodge: Dodged            ||    24
